 Dungeon Crawl Stone Soup version 0.21-a0-185-g3a6ed1e (webtiles) character file.

8735 perchance the Covert (level 11, 0/72 HPs)
             Began as an Octopode Wizard on Aug 12, 2017.
             Was an Initiate of Gozag.
             Slain by a crocodile (7 damage)
             ... on level 2 of the Lair of Beasts.
             The game lasted 00:46:35 (16575 turns).

perchance the Covert (Octopode Wizard)             Turns: 16575, Time: 00:46:35

Health: 0/72       AC:  8    Str:  6 (8)  XL:     11   Next: 35%
Magic:  14/20      EV: 15    Int: 22 (23) God:    Gozag
Gold:   90         SH:  0    Dex: 13 (14) Spells: 3/22 levels left

rFire    . . .     SeeInvis +   i - +4 dagger (venom)
rCold    . . .     Gourm    .   (no shield)
rNeg     . . .     Faith    .   a - +2 hat
rPois    .         Spirit   .   (no amulet)
rElec    .         Reflect  .   f - ring of flight
rCorr    .         Harm     .   t - ring of see invisible
MR       .....                  p - +4 ring of dexterity
Stlth    ++++++....             A - ring of wizardry
HPRegen  0.22/turn              R - +5 ring of protection
MPRegen  0.17/turn              (no ring)
                                (no ring)
                                (no ring)

@: no status effects
A: almost no armour, stealthy swim, amphibious, 8 rings, constrict 8, camouflage
1, gelatinous body 1
a: Potion Petition, Call Merchant, Bribe Branch, Renounce Religion, Evoke Flight


You were on level 2 of the Lair of Beasts.
You worshipped Gozag.
Gozag was noncommittal.
You were not hungry.

You visited 3 branches of the dungeon, and saw 12 of its levels.

You collected 1472 gold pieces.
You spent 550 gold pieces at shops.
You paid 832 gold pieces to Gozag.

Inventory:

Hand Weapons
 e - a +0 whip
 i - a +4 dagger of venom (weapon)
 o - a +1 vampiric morningstar
 q - a +0 club
 F - a +0 giant club
 P - the +9 mace "Tohaf" {vamp, rPois}
   (You found it on level 9 of the Dungeon)

   It inflicts no extra harm, but heals its wielder when it wounds a living foe.
   It protects you from poison.
Missiles
 l - 21 poisoned needles
 m - a throwing net
 r - 428 stones (quivered)
 L - 8 javelins
Armour
 a - a +2 hat (worn)
 y - a +0 buckler
Magical Staves
 K - an uncursed staff of energy {unknown}
Jewellery
 f - a ring of flight (left tentacle)
 p - a +4 ring of dexterity (on tentacle)
 t - a ring of see invisible (right tentacle)
 A - a ring of wizardry (on tentacle)
 G - an uncursed ring of teleportation
 R - a +5 ring of protection (on tentacle)
Wands
 c - a wand of digging (7/24)
 h - a wand of flame (0/48)
 w - a wand of flame (0/48)
 H - a wand of polymorph (13/24)
 O - a wand of iceblast (3/15)
 S - a wand of random effects (35/48)
Scrolls
 g - a scroll of remove curse
 u - a scroll of amnesia
 E - a scroll of fog
 I - a scroll of brand weapon
 M - 2 scrolls of magic mapping
 N - 5 scrolls of enchant armour
Potions
 d - a potion of lignification
 v - 3 potions of brilliance
 z - a potion of heal wounds
 B - 4 potions of flight
 D - 3 potions of degeneration
Books
 b - a book of Minor Magic

   Spells                             Type                      Level
   a - Magic Dart                     Conjuration                  1
   b - Blink                          Translocation                2
   c - Call Imp                       Summoning                    2
   d - Slow                           Hexes                        2
   e - Conjure Flame                  Conjuration/Fire             3
   f - Mephitic Cloud                 Conjuration/Poison/Air       3
 n - a book of Conjurations

   Spells                             Type                      Level
   a - Magic Dart                     Conjuration                  1
   b - Searing Ray                    Conjuration                  2
   c - Dazzling Spray                 Conjuration/Hexes            3
   d - Fulminant Prism                Conjuration/Hexes            4
   e - Force Lance                    Conjuration/Translocation    4
   f - Iskenderun's Mystic Blast      Conjuration                  4
 s - a book of Cantrips

   Spells                             Type                      Level
   a - Confusing Touch                Hexes                        1
   b - Animate Skeleton               Necromancy                   1
   c - Summon Small Mammal            Summoning                    1
   d - Apportation                    Translocation                1
 x - a book of Misfortune

   Spells                             Type                      Level
   a - Confusing Touch                Hexes                        1
   b - Confuse                        Hexes                        3
   c - Gell's Gravitas                Translocation                3
   d - Petrify                        Transmutation/Earth          4
   e - Metabolic Englaciation         Hexes/Ice                    5
   f - Yara's Violent Unravelling     Hexes/Transmutation          5
 J - a book of Unlife

   Spells                             Type                      Level
   a - Recall                         Summoning/Translocation      3
   b - Animate Dead                   Necromancy                   4
   c - Control Undead                 Necromancy                   4
   d - Cigotuvi's Embrace             Necromancy                   5
   e - Death Channel                  Necromancy                   6
   f - Simulacrum                     Ice/Necromancy               6
Comestibles
 j - 5 fruits
 k - 3 meat rations
 C - 3 royal jellies
 Q - a bread ration


   Skills:
 - Level 6.0 Fighting
 - Level 7.9 Short Blades
 - Level 4.7 Dodging
 + Level 13.1 Stealth
 - Level 6.0 Spellcasting
 - Level 2.9 Conjurations
 - Level 7.3 Hexes
 - Level 1.0 Summonings
 - Level 1.0 Translocations


You had 3 spell levels left.
You knew the following spells:

 Your Spells              Type           Power        Failure   Level  Hunger
a - Magic Dart            Conj           ###.         1%          1    None
b - Call Imp              Summ           ##......     3%          2    None
c - Conjure Flame         Conj/Fire      ##......     6%          3    #......
d - Blink                 Tloc           N/A          3%          2    None
e - Confusing Touch       Hex            #####.       1%          1    None
f - Confuse               Hex            #####...     1%          3    #......
g - Iskenderun's Mystic   Conj           ###.....     11%         4    ###....
h - Mephitic Cloud        Conj/Pois/Air  ##......     8%          3    #......


Dungeon Overview and Level Annotations

Branches:
Dungeon (9/15)             Temple (1/1) D:6            Lair (2/6) D:9
 Spider (0/4) Lair:2
  Swamp: Lair:2-4    Shoals: Lair:2-4       Orc: D:9-12

Altars:
Ashenzari
Cheibriados
Dithmenos
Elyvilon
Fedhas
Gozag
Hepliaklqana
Kikubaaqudgha
Makhleb
Nemelex Xobeh
Okawaru
Qazlal
Ru
Sif Muna
Trog
Uskayaw
Vehumet
Wu Jian
Xom
Yredelemnul
Zin
The Shining One

Shops:
D:4 (   D:6 }   D:7 =   D:8 %

Annotations:
D:9 seren's ghost, novice FoFi
Lair:2 Gastronok


Innate Abilities, Weirdness & Mutations

You cannot wear most types of armour.
You are very stealthy in the water. (Stealth+)
You are amphibious.
You can wear up to eight rings at the same time.
You can use your tentacles to constrict eight enemies at once.
Your skin changes colour to match your surroundings (Stealth+).
Your rubbery body absorbs attacks. (AC +1, EV +1)


Message History

Unknown command.
Unknown command.
Unknown command.
Okay, then.
Okay, then.
Unknown command.
Found a tapered bronze wand.
Found 2 fruits.
Gastronok waves his eye-stalks in wide circles.
The air twists around and strikes you!
Ouch! That really hurt!
S - a wand of random effects (?/48)
There are no items here.
Found a quarterstaff.
Gastronok waves his eye-stalks in wide circles.
The air twists around and strikes you!
* * * LOW HITPOINT WARNING * * *
The crocodile bites you!
You die...
Your body crumbles into a pile of gold.

................t................
.................................
.................................
...[......................F.tr...
............# ..............S....
$.w....w....###......<..kr.......
.......#P.......................#
......###......t...............##
......###.......@............##.#
.....###...P.....P.....#.....P###
.....##.............#####..P###
.##.####...........## ##### #####
#.#..%........# ###.........###
#.........# #...........P
#............#


You could see a crocodile.

Vanquished Creatures
  2 two-headed ogres (D:9)
  The ghost of barakagiga the Covert, a journeyman OpWz of Sif Muna (Lair:1)
  3 spiny frogs
  A rime drake (Lair:2)
  Grinder (D:3)
  2 hippogriffs
  3 redbacks (Lair:2)
  Sigmund (D:6)
  Menkaure (D:6)
  A warg (Lair:1)
  2 water moccasins
  Duvessa (D:6)
  A porcupine (Lair:1)
  An orc warrior (D:5)
  An ice beast (D:6)
  5 wolves (Lair:1)
  2 centaurs
  4 ogres
  3 crocodiles
  8 bullfrogs
  A gnoll sergeant (D:9)
  A scorpion (D:9)
  Dowan (D:6)
  3 killer bees
  5 howler monkeys
  A wight (Lair:1)
  2 electric eels (Lair:1)
  6 crimson imps
  A bullfrog zombie (D:9)
  A centaur zombie (D:8)
  A quasit (D:9)
  5 orc priests
  8 hounds
  2 bullfrog skeletons
  A centaur skeleton (D:5)
  7 orc wizards
  8 worker ants
  A hound zombie (D:6)
  A hound skeleton (D:8)
  11 gnolls
  5 adders
  A shadow imp (D:5)
  An ooze (D:2)
  3 adder skeletons
  4 worms
  5 dart slugs
  9 leopard geckos
  37 orcs
  3 ball pythons
  11 giant cockroaches
  12 goblins
  11 hobgoblins
  5 jackals (D:6)
  11 kobolds
  7 quokkas
  A ball python zombie (D:5)
  11 bats
  4 frilled lizards
  A leopard gecko zombie (D:8)
  A quokka skeleton (D:4)
  5 rats
259 creatures vanquished.

Vanquished Creatures (collateral kills)
  An orc priest (D:5)
  2 worms (D:2)
3 creatures vanquished.

Vanquished Creatures (others)
  2 fungi (Lair:1)
  4 plants (D:3)
6 creatures vanquished.

Grand Total: 268 creatures vanquished

Notes
Turn   | Place    | Note
-------+----------+-------------------------------------------
     0 | D:1      | perchance the Octopode Wizard began the quest for the Orb.
     0 | D:1      | Reached XP level 1. HP: 11/11 MP: 4/4
   304 | D:1      | Reached XP level 2. HP: 10/17 MP: 3/6
   973 | D:1      | Reached skill level 3 in Stealth
   991 | D:1      | Reached XP level 3. HP: 20/21 MP: 7/7
  1111 | D:1      | Learned a level 2 spell: Call Imp
  1115 | D:1      | Learned a level 3 spell: Conjure Flame
  1118 | D:1      | Learned a level 2 spell: Blink
  1163 | D:1      | Reached skill level 1 in Short Blades
  1669 | D:2      | Reached skill level 1 in Fighting
  2353 | D:2      | Reached XP level 4. HP: 23/28 MP: 8/8
  3593 | D:2      | Learned a level 1 spell: Confusing Touch
  3944 | D:3      | Reached XP level 5. HP: 35/35 MP: 6/9
  4371 | D:3      | Noticed Grinder
  4380 | D:3      | Paralysed by Grinder for 2 turns
  4391 | D:3      | Killed Grinder
  4391 | D:3      | Reached XP level 6. HP: 37/43 MP: 6/10
  4742 | D:4      | Found a burning altar of Makhleb.
  4742 | D:4      | Found an ornate altar of the Wu Jian Council.
  5032 | D:4      | Found a blossoming altar of Fedhas.
  5083 | D:4      | Found a deep blue altar of Sif Muna.
  5312 | D:3      | Reached XP level 7. HP: 24/48 MP: 9/12
  6016 | D:4      | Learned a level 3 spell: Confuse
  6078 | D:4      | Reached skill level 1 in Hexes
  6266 | D:4      | Reached skill level 4 in Stealth
  6564 | D:4      | Found Vulyph's Weapon Emporium.
  6976 | D:5      | Entered Level 5 of the Dungeon
  6976 | D:5      | Found a shimmering altar of Xom.
  7091 | D:5      | Reached skill level 5 in Stealth
  7346 | D:5      | Reached XP level 8. HP: 31/54 MP: 3/14
  8005 | D:5      | Found a hazy altar of Hepliaklqana.
  8005 | D:5      | Found a sparkling altar of Nemelex Xobeh.
  8293 | D:6      | Reached skill level 6 in Stealth
  8537 | D:6      | Reached skill level 5 in Spellcasting
  8759 | D:6      | Noticed Menkaure
  8765 | D:6      | Killed Menkaure
  8765 | D:6      | Reached skill level 7 in Stealth
  8811 | D:6      | Noticed Sigmund
  8827 | D:6      | Killed Sigmund
  8866 | D:6      | Reached XP level 9. HP: 38/58 MP: 1/17
  9276 | D:6      | Found a staircase to the Ecumenical Temple.
  9285 | Temple   | Entered the Ecumenical Temple
  9398 | Temple   | Became a worshipper of Gozag Ym Sagoz the Greedy
  9802 | D:6      | Noticed Duvessa
  9803 | D:6      | Noticed Dowan
  9811 | D:6      | Killed Dowan
  9811 | D:6      | Reached skill level 8 in Stealth
  9832 | D:6      | HP: 2/58 [Duvessa/wand of flame (?/48) (10)]
  9833 | D:6      | Killed Duvessa
  9833 | D:6      | Reached skill level 5 in Hexes
 10513 | D:6      | Found Zaiw's Gadget Shoppe.
 11003 | D:8      | Found Hecuivuqoh's Food Shop.
 11156 | D:7      | Reached skill level 9 in Stealth
 11270 | D:7      | Learned a level 4 spell: Iskenderun's Mystic Blast
 11274 | D:7      | Learned a level 3 spell: Mephitic Cloud
 11699 | D:7      | Reached skill level 5 in Short Blades
 13287 | D:8      | Reached skill level 10 in Stealth
 13424 | D:9      | Reached XP level 10. HP: 54/63 MP: 16/19
 13489 | D:9      | Noticed a two-headed ogre
 13520 | D:9      | Killed a two-headed ogre
 13581 | D:9      | Noticed seren's ghost (novice FoFi)
 13870 | D:9      | Noticed a two-headed ogre
 13889 | D:9      | Killed a two-headed ogre
 13889 | D:9      | Reached skill level 11 in Stealth
 13898 | D:9      | Got a crude mace
 13907 | D:9      | Identified the +9 mace "Tohaf" {vamp, rPois} (You found it on level 9 of the Dungeon)
 14096 | D:9      | Found a staircase to the Lair.
 14119 | Lair:1   | Entered Level 1 of the Lair of Beasts
 14119 | Lair:1   | Noticed barakagiga's ghost (journeyman OpWz)
 14128 | Lair:2   | Noticed a spiny frog
 14139 | Lair:2   | Found a hole to the Spider Nest.
 14142 | Lair:2   | Noticed Gastronok
 14167 | Lair:2   | Noticed a spiny frog
 14183 | Lair:2   | Reached skill level 5 in Fighting
 14461 | Lair:1   | Noticed a spiny frog
 14468 | Lair:1   | Killed a spiny frog
 14485 | Lair:1   | Reached XP level 11. HP: 72/72 MP: 20/20
 14585 | Lair:1   | Killed barakagiga's ghost
 14585 | Lair:1   | Reached skill level 12 in Stealth
 14696 | Lair:1   | Noticed a six-headed hydra
 15966 | D:7      | Bought a +5 ring of protection for 550 gold pieces
 16196 | Lair:2   | Reached skill level 13 in Stealth
 16575 | Lair:2   | Slain by a crocodile

Vault maps used:
D:1:      matt_arrival_diagonals
D:2:      minmay_door_path, first_bread, hangedman_abyss_or_decor_lesser_grid
D:3:      serial_bayou_lagoon_a, uniq_grinder
D:4:      lemuel_round_altar, gammafunk_temple_overflow_forgotten, serial_shops,
          nicolae_shop_crystal, minmay_misc_feat_tower, roderic_lattice_a
D:5:      gammafunk_temple_overflow_wave, basic_altar
D:6:      minmay_temple_entry_nine_rooms, serial_shops, nicolae_shop_crystal,
          uniq_sigmund, uniq_menkaure, uniq_duvessa
D:8:      serial_shops, nicolae_shop_window_shopping
D:9:      lair_entry_dummy
Temple:   regret_index_temple_sphere_string
Lair:1:   beast_lair_carwin_large_3, dpeg_stationary_puzzle
Lair:2:   spider_nest_entry_webs, uniq_gastronok

Skill      XL: |  1  2  3  4  5  6  7  8  9 10 11 |
---------------+----------------------------------+-----
Conjurations   | 2 |  2.9
Stealth        | 3 5 7 10 11 13 | 13.1
Short Blades   | 1 2 4 5 7 |  7.9
Fighting       | 1 2 3 4 5 6 |  6.0
Hexes          | 2 4 6 7 |  7.3
Spellcasting   | 4 5 6 |  6.0
Dodging        | 4 |  4.7
Summonings     | |  1.0
Translocations | |  1.0

Action                   |  1- 3 |  4- 6 |  7- 9 | 10-12 || total
-------------------------+-------+-------+-------+-------++-------
Melee: Short sword       |     7 |       |       |       ||     7
       Unarmed           |     6 |       |       |       ||     6
       Constrict         |    15 |    29 |    79 |    32 ||   155
       Dagger            |    62 |   119 |   312 |   162 ||   655
       Tentacles         |     5 |    19 |    61 |    28 ||   113
 Cast: Magic Dart        |    23 |    59 |    54 |     3 ||   139
       Call Imp          |       |     6 |     4 |       ||    10
       Confusing Touch   |       |       |     7 |       ||     7
       Confuse           |       |       |    23 |    54 ||    77
       Conjure Flame     |       |       |     3 |     4 ||     7
       Iskenderun's Myst |       |       |    11 |     8 ||    19
       Blink             |       |       |     3 |    11 ||    14
       Mephitic Cloud    |       |       |       |     4 ||     4
Invok: Call Merchant     |       |       |     1 |       ||     1
Evoke: Wand              |       |       |       |     8 ||     8
  Use: Scroll            |     1 |       |    21 |     7 ||    29
       Potion            |       |     2 |     5 |     3 ||    10
 Stab: Sleeping          |     5 |     8 |    14 |     5 ||    32
       Distracted        |       |     1 |       |     3 ||     4
       Confused          |       |       |    11 |    15 ||    26
  Eat: Chunk             |     4 |     8 |     4 |       ||    16
       Royal jelly       |       |     1 |       |       ||     1
       Bread ration      |       |       |     4 |       ||     4
       Meat ration       |       |       |     1 |     2 ||     3
       Fruit             |       |       |       |     2 ||     2
Armor: Skin              |     6 |     5 |    27 |    24 ||    62
Dodge: Dodged            |    43 |    68 |   158 |   120 ||   389
